 Dungeon Crawl Stone Soup version 0.28.0 (webtiles) character file.

Game seed: 16634605938425201042

490 Sanktem7 the Chopper (level 6, -2/56 HPs)
             Began as a Minotaur Fighter on Feb 13, 2022.
             Slain by a gnoll sergeant (9 damage)
             ... on level 5 of the Dungeon.
             The game lasted 00:06:33 (3947 turns).

Sanktem7 the Chopper (Minotaur Fighter)             Turns: 3947, Time: 00:06:34

Health: -2/56      AC: 14    Str: 28    XL:     6   Next: 90%
Magic:  5/5        EV:  7    Int:  5    God:
Gold:   200        SH:  4    Dex: 10    Spells: 5/5 levels left

rFire   . . .      SeeInvis .   a - +0 war axe
rCold   . . .      Faith    .   c - +0 buckler
rNeg    . . .      Spirit   .   j - +0 plate armour
rPois   .          Reflect  .   (helmet restricted)
rElec   .          Harm     .   v - +0 cloak
rCorr   .          Rampage  .   (no gloves)
Will    .....                   (no boots)
Stlth   ..........              (no amulet)
HPRegen 0.18/turn               i - +6 ring of strength
MPRegen 0.09/turn               (no ring)

@: no status effects
A: horns 2, retaliatory headbutt
a: no special abilities


You were on level 5 of the Dungeon.
You visited 1 branch of the dungeon, and saw 5 of its levels.

You collected 200 gold pieces.

Inventory:

Hand Weapons
 a - a +0 war axe (weapon)
 o - a +0 vorpal mace
Missiles
 u - 8 poisoned darts (quivered)
Armour
 c - a +0 buckler (worn)
 j - a +0 plate armour (worn)
 p - a +2 scale mail of fire resistance
 v - a +0 cloak (worn)
Jewellery
 i - a +6 ring of strength (left hand)
 t - a ring of see invisible
Scrolls
 e - a scroll of magic mapping {unknown}
 k - a scroll of enchant armour {unknown}
 l - 4 scrolls of identify {unknown}
 m - 2 scrolls of fear {unknown}
 q - 4 scrolls of teleportation {unknown}
 r - a scroll of blinking {unknown}
Potions
 b - a potion of flight {unknown}
 d - a potion of might
 f - 2 potions of berserk rage {unknown}
 g - a potion of resistance {unknown}
 h - a potion of degeneration {unknown}
 n - 2 potions of curing {unknown}
 s - a potion of heal wounds {unknown}
 w - a potion of cancellation {unknown}


   Skills:
 * Level 5.1 Fighting
 * Level 6.5 Axes
 * Level 6.1 Armour
 + Level 0.1 Stealth
 - Level 3.6 Shields


You had 5 spell levels left.
You didn't know any spells.
Your spell library contained the following spells:

 Spells                   Type           Power      Damage    Failure   Level
 Sting                    Tmut/Pois      0%         1d3       100%        1
 Poisonous Vapours        Pois/Air       0%         N/A       100%        2
 Olgreb's Toxic Radiance  Pois           0%         N/A       100%        4


Dungeon Overview and Level Annotations

Branches:
Dungeon (5/15)             Temple (0/1) D:4

Altars:

Shops:
D:3 =


Innate Abilities, Weirdness & Mutations

You have a pair of horns on your head.
You reflexively headbutt those who attack you in melee.


Message History

The gnoll hits you but does no damage.
The gnoll sergeant hits you but does no damage.
You slice the gnoll!!
You kill the gnoll!
You closely miss the gnoll. The gnoll barely misses you.
You block the gnoll sergeant's attack. The gnoll hits you but does no damage.
The gnoll sergeant hits you with a +1 vorpal trident!
The gnoll barely misses you.
You see here a +0 halberd.
The gnoll closely misses you.
The gnoll sergeant hits you but does no damage.
The gnoll closely misses you.
You hit the gnoll. Your headbutt misses the gnoll.
The gnoll is moderately wounded.
The gnoll hits you with a +0 whip. You block the gnoll sergeant's attack.
You block the gnoll's attack. The gnoll hits you but does no damage.
You closely miss the gnoll. Your headbutt misses the gnoll.
The gnoll is lightly wounded.
The gnoll sergeant hits you from afar with a +1 vorpal trident.
The gnoll hits you from afar with a +2 vampiric spear.
You block the gnoll's attack.
You hit the gnoll. You headbutt the gnoll!
The gnoll is severely wounded.
The gnoll sergeant hits you from afar with a +1 vorpal trident.
* * * LOW HITPOINT WARNING * * *
x2 The gnoll hits you from afar with a +2 vampiric spear!
* * * LOW HITPOINT WARNING * * *
The gnoll hits you but does no damage.
The gnoll sergeant hits you but does no damage.
You barely miss the gnoll. You headbutt the gnoll.
You kill the gnoll!
The gnoll hits you but does no damage. The gnoll sergeant barely misses you.
The gnoll completely misses you.
The gnoll sergeant hits you from afar with a +1 vorpal trident.
* * * LOW HITPOINT WARNING * * *
x2 The gnoll sergeant hits you from afar with a +1 vorpal trident!
* * * LOW HITPOINT WARNING * * *
x2 The gnoll sergeant hits you from afar with a +1 vorpal trident!
You die...

#.....g.............#
#.######.###.####.###
#.#........#.# #..#
#.#.####.#.#.# #.##
#g#.# #.#.#.# #g#
#.#.# #.#.#.# #.#
#.#.####.#.#.###J#
#.#......#.#.##.g#
#.########@#J##.##
#.....g.g..#.#..#
#.##########g#.## ###
#.#.# #...# #####


You could see a gnoll sergeant and a gnoll.

Vanquished Creatures
  A phantom (D:5)
  A water moccasin zombie (D:5)
  A hound (D:5)
  A jelly (D:4)
  Terence (D:3)
  4 iguanas
  A killer bee zombie (D:4)
  2 gnolls (D:5)
  6 adders
  An ufetubus (D:5)
  An adder zombie (D:2)
  6 bats
  6 endoplasms
  2 giant cockroaches (D:3)
  9 goblins
  6 hobgoblins
  10 jackals
  4 quokkas
  4 ball pythons
  4 frilled lizards
  3 kobolds
  A quokka skeleton (D:2)
  9 rats
84 creatures vanquished.

Vanquished Creatures (others)
  A demonic plant (D:2)
  A withered plant (D:2)
2 creatures vanquished.

Grand Total: 86 creatures vanquished

Notes
Turn   | Place    | Note
-------+----------+-------------------------------------------
     0 | D:1      | Sanktem7 the Minotaur Fighter began the quest for the Orb.
     0 | D:1      | Reached XP level 1. HP: 19/19 MP: 0/0
   135 | D:1      | Reached XP level 2. HP: 26/27 MP: 1/1
   998 | D:2      | Reached XP level 3. HP: 33/33 MP: 2/2
  1101 | D:2      | Found a faded altar of an unknown god.
  1101 | D:2      | Noticed a green death
  1619 | D:3      | Reached XP level 4. HP: 40/41 MP: 3/3
  1754 | D:3      | Found Sietyumi's Jewellery Shoppe.
  1856 | D:3      | Found the +4 robe of Augmentation {Str+4 Int+4 Dex+4}
  2101 | D:3      | Noticed Terence
  2108 | D:3      | Killed Terence
  2109 | D:3      | Reached skill level 5 in Armour
  2395 | D:4      | Reached XP level 5. HP: 44/47 MP: 4/4
  2532 | D:4      | Reached skill level 5 in Axes
  2896 | D:4      | Found a staircase to the Ecumenical Temple.
  3510 | D:5      | Entered Level 5 of the Dungeon
  3536 | D:5      | Noticed a phantom
  3543 | D:5      | Killed a phantom
  3544 | D:5      | Reached XP level 6. HP: 49/55 MP: 5/5
  3606 | D:5      | Reached skill level 5 in Fighting
  3947 | D:5      | Slain by a gnoll sergeant

Illustrated notes

Levels and vault maps discovered:
D:1:      minmay_arrival_four_houses, layout_loops_ring
D:2:      layout_rooms, serial_undead, serial_undead_e, serial_undead_f,
          serial_undead_f, serial_undead_b,
          dreamdust_ecumenical_altar_sealed_demon, kennysheep_cross_bottleneck
D:3:      layout_basic, serial_shops, shop_statue, uniq_terence
D:4:      layout_loops_ring, minmay_temple_entry_offerings
D:5:      minmay_octagon_keep, layout_basic, serial_shops, shop_fountains

Skill      XL: |  1  2  3  4  5  6 |
---------------+-------------------+-----
Armour         | 4 5 6 |  6.1
Fighting       | 4 5 |  5.1
Axes           | 3 4 5 6 |  6.5
Stealth        | |  0.1
Shields        | |  3.6

Action                   |  1- 3 |  4- 6 || total
-------------------------+-------+-------++-------
Melee: War axe           |    73 |   106 ||   179
       Headbutt          |    11 |    16 ||    27
Armor: Scale mail        |    12 |       ||    12
       Plate armour      |    50 |    64 ||   114
Dodge: Dodged            |    30 |    43 ||    73
Block: Buckler           |    12 |    24 ||    36
